 Dungeon Crawl Stone Soup version 0.20-a0-1116-gaa52201 (webtiles) character file.

255 dvd the Chiller (level 5, -4/38 HPs)
             Began as a Draconian Ice Elementalist on May 7, 2017.
             Was an Initiate of Ashenzari.
             Killed by nerve-wracking pain
             ... invoked by Grinder
              (14 damage)
             ... on level 5 of the Dungeon.
             The game lasted 00:13:02 (4306 turns).

dvd the Chiller (Draconian Ice Elementalist)        Turns: 4306, Time: 00:13:03

Health: -4/38      AC: 13    Str: 10    XL:     5   Next: 91%
Magic:  1/19       EV: 12    Int: 16    God:    Ashenzari [......]
Gold:   259        SH:  0    Dex: 12    Spells: 1/11 levels left

rFire    . . .     SeeInvis .   k - +0 short sword
rCold    . . .     Gourm    .   (no shield)
rNeg     . . .     Faith    .   (armour unavailable)
rPois    +         Spirit   .   (helmet restricted)
rElec    .         Reflect  .   (no cloak)
rCorr    .         Harm     .   (no gloves)
MR       .....                  p - +2 pair of boots (curse)
Stlth    ++........             j - amulet of rage
Regen    0.2/turn               f - ring of magical power
MPRegen  0.2/turn               s - ring of poison resistance

@: icy armour, very slightly contaminated, slow
A: unfitting armour, cold-blooded, AC +5
a: Curse Item, Renounce Religion, Evoke Berserk Rage


You were on level 5 of the Dungeon.
You worshipped Ashenzari.
Ashenzari was noncommittal.
You were very hungry.

You visited 2 branches of the dungeon, and saw 6 of its levels.

You collected 259 gold pieces.

Inventory:

Hand Weapons
 k - a +0 short sword (weapon)
 x - a +0 war axe
Missiles
 r - a javelin of penetration (quivered)
Armour
 p - a cursed +2 pair of boots (worn)
Jewellery
 f - a ring of magical power (left hand)
 j - an amulet of rage (around neck)
 s - a ring of poison resistance (right hand)
 v - an uncursed ring of magical power
 w - an uncursed ring of resist corrosion
Scrolls
 c - 2 scrolls of enchant weapon {unknown}
 e - 2 scrolls of immolation {unknown}
 g - 2 scrolls of recharging {unknown}
 h - a scroll of remove curse
 i - 8 scrolls of identify {unknown}
 l - 2 scrolls of enchant armour {unknown}
 q - 3 scrolls of amnesia {unknown}
 y - a scroll of fear {unknown}
Potions
 d - 2 potions of lignification {unknown}
 m - 3 potions of degeneration {unknown}
 t - 3 potions of haste {unknown}
 z - a potion of heal wounds {unknown}
 A - a potion of agility {unknown}
Books
 a - a book of Frost

   Spells                             Type                      Level
   a - Freeze                         Ice                          1
   b - Throw Frost                    Conjuration/Ice              2
   c - Ozocubu's Armour               Charms/Ice                   3
   d - Throw Icicle                   Conjuration/Ice              4
   e - Summon Ice Beast               Ice/Summoning                4
Comestibles
 b - 3 bread rations
 n - 4 fruits
 o - 2 royal jellies
 u - a meat ration


   Skills:
 + Level 0.2 Fighting
 + Level 0.8 Short Blades
 + Level 2.1 Dodging
 + Level 2.5 Stealth
 + Level 3.7 Spellcasting
 + Level 1.6 Conjurations
 + Level 0.5 Charms
 + Level 4.6 Ice Magic


You had one spell level left.
You knew the following spells:

 Your Spells              Type           Power        Failure   Level  Hunger
a - Freeze                Ice            ###.         2%          1    None
b - Throw Frost           Conj/Ice       ##....       8%          2    ##.....
c - Ozocubu's Armour      Chrm/Ice       ##......     19%         3    ###....
d - Throw Icicle          Conj/Ice       ##......     43%         4    ####...


Dungeon Overview and Level Annotations

Branches:
Dungeon (5/15)             Temple (1/1) D:4

Altars:
Ashenzari
Cheibriados
Dithmenos
Elyvilon
Fedhas
Gozag
Kikubaaqudgha
Nemelex Xobeh
Okawaru
Qazlal
Ru
Trog
Uskayaw
Wu Jian
Xom
Yredelemnul

Annotations:
D:3 dvd's ghost, amateur DrTm
D:5 Grinder


Innate Abilities, Weirdness & Mutations

Your plain brown scales are hard. (AC +5)
You cannot fit into any form of body armour.
You are cold-blooded and may be slowed by cold attacks.


Message History

You throw a javelin of penetration.
The javelin of penetration pierces through Grinder.
Grinder is almost dead.
Grinder gestures at you.
You suddenly lose the ability to move!
Grinder gestures at you. Pain shoots through your body!
* * * LOW HITPOINT WARNING * * *
Grinder blinks! x2
You can move again.
Casting: Throw Icicle
Confirm with . or Enter, or press ? or * to list all spells.
Aiming: Throw Icicle
Press: ? - help, Shift-Dir - straight line, f/p - Grinder
Aim: Grinder (almost dead)
You miscast Throw Icicle.
Nothing appears to happen.
You are feeling very hungry.
Grinder gestures at you. Pain shoots through your body!
You die...

...( .. .. ...## .#
.# ...##.#..#
###...#.#..#
..........#
#...#.#.## #.......#
########.....<.#
#........@.....#
...........^...#
#.######....<..# #.#
#..<....# #.#
#5......##########
#.#
####..##............#
#.#
#.........#.######...
#.###.##(.##.(..#
#.##...#..##.####


You could see Grinder.

Vanquished Creatures
  An orc wizard (D:4)
  2 iguanas (D:4)
  A worker ant (D:4)
  6 adders
  An ooze (D:4)
  An adder skeleton (D:4)
  2 worms
  2 dart slugs
  3 leopard geckos
  8 orcs
  5 bats
  3 giant cockroaches
  5 hobgoblins
  A jackal (D:3)
  3 quokkas
  2 ball pythons (D:3)
  7 frilled lizards
  9 goblins
  8 kobolds
  8 rats
78 creatures vanquished.

Notes
Turn   | Place    | Note
-------+----------+-------------------------------------------
     0 | D:1      | dvd the Draconian Ice Elementalist began the quest for the Orb.
     0 | D:1      | Reached XP level 1. HP: 14/14 MP: 3/3
   415 | D:1      | Reached XP level 2. HP: 17/20 MP: 5/5
   422 | D:1      | Learned a level 2 spell: Throw Frost
   528 | D:1      | You fall through a shaft!
  1258 | D:1      | Reached XP level 3. HP: 26/26 MP: 6/6
  1315 | D:1      | Learned a level 3 spell: Ozocubu's Armour
  2201 | D:3      | Reached XP level 4. HP: 33/33 MP: 8/8
  2642 | D:3      | Noticed dvd's ghost (amateur DrTm)
  2737 | D:3      | Reached skill level 4 in Ice Magic
  3178 | D:4      | Found a staircase to the Ecumenical Temple.
  3187 | D:4      | Reached XP level 5. HP: 32/38 MP: 10/10
  3239 | D:4      | Learned a level 4 spell: Throw Icicle
  3253 | Temple   | Entered the Ecumenical Temple
  3402 | Temple   | Became a worshipper of Ru the Awakened
  3849 | D:4      | Noticed a phantom
  3941 | Temple   | Fell from the grace of Ru
  3941 | Temple   | Became a worshipper of Ashenzari the Shackled
  4030 | D:5      | Entered Level 5 of the Dungeon
  4030 | D:5      | Noticed Grinder
  4247 | D:5      | Noticed an ice beast
  4299 | D:5      | Paralysed by Grinder for 7 turns
  4306 | D:5      | Killed from afar by Grinder

Vault maps used:
D:1:      lemuel_arrival_broad_hall
D:3:      minmay_misc_feat_doors
D:4:      minmay_temple_entry_junction, first_bread
D:5:      lemuel_crystal_altar, uniq_grinder
Temple:   regret_index_temple_sphere_string

Skill      XL: |  1  2  3  4 |
---------------+-------------+-----
Stealth        | 2 |  2.5
Dodging        | 2 |  2.1
Spellcasting   | 3 |  3.7
Ice Magic      | 4 |  4.6
Fighting       | |  0.2
Short Blades   | |  0.8
Conjurations   | |  1.6
Charms         | |  0.5

Action                   |  1- 3 |  4- 6 || total
-------------------------+-------+-------++-------
Melee: Unarmed           |     1 |       ||     1
       Short sword       |    16 |    70 ||    86
       Tailslap          |     1 |     4 ||     5
Throw: Javelin           |       |     3 ||     3
 Cast: Freeze            |    52 |    49 ||   101
       Throw Frost       |    14 |    20 ||    34
       Ozocubu's Armour  |     3 |     6 ||     9
       Throw Icicle      |       |     2 ||     2
Invok: Curse Item        |       |     1 ||     1
 Stab: Sleeping          |     3 |     2 ||     5
  Eat: Chunk             |     6 |     8 ||    14
Armor: Skin              |    15 |    33 ||    48
Dodge: Dodged            |    25 |    51 ||    76
